TOP OF THE 1ST |
Albuquerque Isotopes batting - Pitching for Louisville Bats : RHP Sam Alexander
|
Pitching: RHP Sam Alexander
|
|
Batting: RHB Nick Cummings
|
0-0: Called Strike 0-1: Ground out 6-3 (Groundball, 6, EV 83.1 MPH)
|
Batting: LHB Gabe Harvey
|
0-0: Ball 1-0: Called Strike 1-1: Called Strike 1-2: Ball 2-2: Ball 3-2: Strikes out swinging
|
Batting: SHB Jamel Wright
|
0-0: Called Strike 0-1: Ball 1-1: Ball 2-1: Ball 3-1: Swinging Strike 3-2: Base on Balls
|
Batting: LHB Alfredo de la Cruz
|
0-0: Called Strike 0-1: Ball 1-1: Ball 2-1: Called Strike Jamel Wright is caught stealing 2nd base 2-6
|
Top of the 1st over - 0 runs, 0 hits, 0 errors, 0 left on base; Albuquerque 0 - Louisville 0 |
BOTTOM OF THE 1ST |
Louisville Bats batting - Pitching for Albuquerque Isotopes : RHP Rafael Gonzales
|
Pitching: RHP Rafael Gonzales
|
|
Batting: LHB Satoru Handa
|
0-0: Called Strike 0-1: SINGLE (Groundball, 4MD, EV 100.0 MPH) (infield hit)
|
Batting: RHB Chase Briney
|
0-0: Ball Satoru Handa steals 2nd base 1-0: Foul Ball, location: 2F 1-1: Foul Ball, location: 2F 1-2: SINGLE (Groundball, 4MS, EV 91.2 MPH) (infield hit) Satoru Handa to third
|
Batting: RHB Juan Reyes
|
0-0: Swinging Strike 0-1: Ball 1-1: Ball 2-1: Ball 3-1: Base on Balls Chase Briney to second
|
Batting: RHB Won-jun Park
|
0-0: Ball 1-0: Ball 2-0: DOUBLE (Flyball, 78XD, EV 98.1 MPH) Satoru Handa scores Chase Briney scores Juan Reyes to third
|
Batting: RHB Colin Lord
|
0-0: Ball Wild Pitch! Juan Reyes scores Won-jun Park to third 1-0: Fly out, F8 (Line Drive, 8RM, EV 102.5 MPH) Runner from 3rd tags up, SCORES, throw by CF
|
Batting: RHB Eric Sullivan
|
0-0: Ball 1-0: Ball 2-0: Called Strike 2-1: Swinging Strike 2-2: Strikes out swinging
|
Batting: RHB Ryan Short
|
0-0: Ground out 5-3 (Groundball, 56S, EV 80.6 MPH)
|
Bottom of the 1st over - 4 runs, 3 hits, 0 errors, 0 left on base; Albuquerque 0 - Louisville 4 |
TOP OF THE 2ND |
Albuquerque Isotopes batting - Pitching for Louisville Bats : RHP Sam Alexander
|
Batting: LHB Alfredo de la Cruz
|
0-0: Ball 1-0: Ball 2-0: Called Strike 2-1: Ball 3-1: Foul Ball, location: 2F 3-2: Ground out 4-3 (Groundball, 4, EV 85.6 MPH)
|
Batting: RHB Eddie McCoy
|
0-0: Ball 1-0: Ball 2-0: Ball 3-0: Called Strike 3-1: Swinging Strike 3-2: Fly out, F6 (Popup, 6MS, EV 86.2 MPH)
|
Batting: LHB Pablo Cardona
|
0-0: Ball 1-0: DOUBLE (Groundball, 5L, EV 106.9 MPH)
|
Batting: RHB Mike Ball
|
0-0: Foul Ball, location: 2F 0-1: SINGLE (Groundball, 56, EV 98.1 MPH) (infield hit) Pablo Cardona to third
|
Batting: RHB Bobby Heagle
|
0-0: Ball 1-0: Ground out 1-3 (Groundball, P, EV 70.0 MPH)
|
Top of the 2nd over - 0 runs, 2 hits, 0 errors, 2 left on base; Albuquerque 0 - Louisville 4 |
BOTTOM OF THE 2ND |
Louisville Bats batting - Pitching for Albuquerque Isotopes : RHP Rafael Gonzales
|
Batting: RHB Dave Ruiz
|
0-0: Called Strike 0-1: Foul Ball, location: 2F 0-2: Ball 1-2: Strikes out swinging
|
Batting: RHB Matt Silva
|
0-0: Called Strike 0-1: Swinging Strike 0-2: Strikes out swinging
|
Batting: LHB Satoru Handa
|
0-0: Swinging Strike 0-1: Ball 1-1: Ball 2-1: Ball 3-1: TRIPLE (Line Drive, 89XD, EV 110.0 MPH)
|
Batting: RHB Chase Briney
|
0-0: Ball 1-0: Ball 2-0: Reached on error, E4 (Groundball, 4, EV 92.5 MPH) Satoru Handa scores
|
Batting: RHB Juan Reyes
|
0-0: Ball 1-0: Ball 2-0: Ball 3-0: Base on Balls Chase Briney to second
|
Pitching: RHP Justin Judson
|
|
Batting: RHB Won-jun Park
|
0-0: Ball 1-0: Ball 2-0: Ball 3-0: Base on Balls Chase Briney to third Juan Reyes to second
|
Batting: RHB Colin Lord
|
0-0: Ball 1-0: Ball 2-0: Fly out, F7 (Flyball, 7S, EV 90.6 MPH)
|
Bottom of the 2nd over - 1 run, 1 hit, 1 error, 3 left on base; Albuquerque 0 - Louisville 5 |
TOP OF THE 3RD |
Albuquerque Isotopes batting - Pitching for Louisville Bats : RHP Sam Alexander
|
Batting: SHB Josh Schultze
|
0-0: Ball 1-0: Swinging Strike 1-1: SINGLE (Flyball, 6MD, EV 88.1 MPH)
|
Batting: RHB Nick Cummings
|
0-0: Ball 1-0: Swinging Strike 1-1: Ball 2-1: Foul Ball, location: 2F 2-2: Grounds into double play, 6-4-3 (Groundball, 6, EV 97.5 MPH)
|
Batting: LHB Gabe Harvey
|
0-0: Ball 1-0: Ball 2-0: Called Strike 2-1: Fly out, F6 (Popup, P, EV 75.0 MPH)
|
Top of the 3rd over - 0 runs, 1 hit, 0 errors, 0 left on base; Albuquerque 0 - Louisville 5 |
BOTTOM OF THE 3RD |
Louisville Bats batting - Pitching for Albuquerque Isotopes : RHP Justin Judson
|
Batting: RHB Eric Sullivan
|
0-0: Ball 1-0: Fly out, F8 (Line Drive, 89M, EV 93.8 MPH)
|
Batting: RHB Ryan Short
|
0-0: Ball 1-0: Foul Ball, location: 2F 1-1: Foul Ball, location: 2F 1-2: Fly out, F7 (Flyball, 78M, EV 78.8 MPH)
|
Batting: RHB Dave Ruiz
|
0-0: Ball 1-0: Called Strike 1-1: Called Strike 1-2: Ball 2-2: Fly out, F7 (Flyball, 7, EV 95.6 MPH)
|
Bottom of the 3rd over - 0 runs, 0 hits, 0 errors, 0 left on base; Albuquerque 0 - Louisville 5 |
TOP OF THE 4TH |
Albuquerque Isotopes batting - Pitching for Louisville Bats : RHP Sam Alexander
|
Batting: SHB Jamel Wright
|
0-0: Ball 1-0: Ball 2-0: Ball 3-0: Called Strike 3-1: SINGLE (Groundball, 6S, EV 62.5 MPH) (infield hit)
|
Batting: LHB Alfredo de la Cruz
|
0-0: Called Strike 0-1: Fly out, F8 (Flyball, 8LM, EV 84.4 MPH)
|
Batting: RHB Eddie McCoy
|
0-0: Ball Jamel Wright steals 2nd, throwing error, E2 Jamel Wright to third 1-0: Swinging Strike 1-1: Ball 2-1: Foul Ball, location: 2F 2-2: Foul Ball, location: 2F 2-2: Strikes out swinging
|
Batting: LHB Pablo Cardona
|
0-0: Ball 1-0: Foul Ball, location: 2F 1-1: Fly out, F7 (Flyball, 7, EV 78.8 MPH)
|
Top of the 4th over - 0 runs, 1 hit, 1 error, 1 left on base; Albuquerque 0 - Louisville 5 |
BOTTOM OF THE 4TH |
Louisville Bats batting - Pitching for Albuquerque Isotopes : RHP Justin Judson
|
Batting: RHB Matt Silva
|
0-0: Called Strike 0-1: Ball 1-1: SINGLE (Flyball, 4D, EV 93.1 MPH)
|
Batting: LHB Satoru Handa
|
0-0: Called Strike 0-1: Ball 1-1: Fielders Choice at 2nd, 2-6 (Groundball, 13S, EV 66.9 MPH)
|
Batting: RHB Chase Briney
|
0-0: Ball 1-0: Ball 2-0: Called Strike 2-1: Ball 3-1: Foul Ball, location: 2F 3-2: Foul Ball, location: 2F 3-2: Foul Ball, location: 2F 3-2: Ground out 6-3 (Groundball, 6S, EV 90.0 MPH) Satoru Handa to second
|
Batting: RHB Juan Reyes
|
0-0: Ball 1-0: Ground out 5-3 (Groundball, 15, EV 83.8 MPH)
|
Bottom of the 4th over - 0 runs, 1 hit, 0 errors, 1 left on base; Albuquerque 0 - Louisville 5 |
TOP OF THE 5TH |
Albuquerque Isotopes batting - Pitching for Louisville Bats : RHP Sam Alexander
|
Batting: RHB Mike Ball
|
0-0: Ball 1-0: Ground out 6-3 (Groundball, 6, EV 85.6 MPH)
|
Batting: RHB Bobby Heagle
|
0-0: Ground out 6-3 (Groundball, 56, EV 104.4 MPH)
|
Batting: SHB Josh Schultze
|
0-0: Called Strike 0-1: Called Strike 0-2: Strikes out looking
|
Top of the 5th over - 0 runs, 0 hits, 0 errors, 0 left on base; Albuquerque 0 - Louisville 5 |
BOTTOM OF THE 5TH |
Louisville Bats batting - Pitching for Albuquerque Isotopes : RHP Justin Judson
|
Batting: RHB Won-jun Park
|
0-0: Called Strike 0-1: Fly out, F8 (Flyball, 8LS, EV 85.0 MPH)
|
Batting: RHB Colin Lord
|
0-0: Swinging Strike 0-1: Swinging Strike 0-2: Ball 1-2: Ball 2-2: Foul Ball, location: 2F 2-2: Foul Ball, location: 2F 2-2: Ball 3-2: Foul Ball, location: 2F 3-2: Base on Balls
|
Batting: RHB Eric Sullivan
|
0-0: Foul Ball, location: 2F 0-1: Fly out, F9 (Flyball, 9, EV 85.0 MPH)
|
Batting: RHB Ryan Short
|
0-0: Called Strike 0-1: Fly out, F8 (Flyball, 8LD, EV 98.8 MPH)
|
Bottom of the 5th over - 0 runs, 0 hits, 0 errors, 1 left on base; Albuquerque 0 - Louisville 5 |
TOP OF THE 6TH |
Albuquerque Isotopes batting - Pitching for Louisville Bats : RHP Sam Alexander
|
Batting: RHB Nick Cummings
|
0-0: Ball 1-0: Foul Ball, location: 2F 1-1: Ball 2-1: Foul Ball, location: 2F 2-2: Foul Ball, location: 2F 2-2: Ball 3-2: Base on Balls
|
Batting: LHB Gabe Harvey
|
0-0: Ball Nick Cummings steals 2nd base 1-0: Ball 2-0: Swinging Strike 2-1: Swinging Strike 2-2: Ball 3-2: Strikes out swinging
|
Batting: SHB Jamel Wright
|
0-0: Ground out 4-3 (Groundball, 4, EV 89.4 MPH) Nick Cummings to third
|
Batting: LHB Alfredo de la Cruz
|
0-0: Called Strike 0-1: Foul Ball, location: 2F 0-2: Ball 1-2: Foul Ball, location: 2F 1-2: Ball 2-2: Ball 3-2: Strikes out swinging
|
Top of the 6th over - 0 runs, 0 hits, 0 errors, 1 left on base; Albuquerque 0 - Louisville 5 |
BOTTOM OF THE 6TH |
Louisville Bats batting - Pitching for Albuquerque Isotopes : RHP Justin Judson
|
Batting: RHB Dave Ruiz
|
0-0: Fly out, F4 (Popup, 3S, EV 85.6 MPH)
|
Batting: RHB Matt Silva
|
0-0: Ground out 5-3 (Groundball, 56, EV 101.9 MPH)
|
Batting: LHB Satoru Handa
|
0-0: Fly out, F8 (Flyball, 8RXD, EV 99.4 MPH)
|
Bottom of the 6th over - 0 runs, 0 hits, 0 errors, 0 left on base; Albuquerque 0 - Louisville 5 |
TOP OF THE 7TH |
Albuquerque Isotopes batting - Pitching for Louisville Bats : RHP Sam Alexander
|
Batting: RHB Eddie McCoy
|
0-0: Called Strike 0-1: Ball 1-1: Ball 2-1: Swinging Strike 2-2: Ball 3-2: Base on Balls
|
Batting: LHB Pablo Cardona
|
0-0: SINGLE (Flyball, 8RS, EV 91.9 MPH) Eddie McCoy to second
|
Batting: RHB Mike Ball
|
0-0: Ball 1-0: Ball 2-0: Called Strike 2-1: Swinging Strike 2-2: SINGLE (Line Drive, 5D, EV 108.8 MPH) Eddie McCoy to third Pablo Cardona to second
|
Pitching: RHP Omar Vinson
|
|
Batting: RHB Bobby Heagle
|
0-0: Called Strike 0-1: Called Strike 0-2: Ball 1-2: Ground out 5-3 (Groundball, 56S, EV 66.9 MPH) Eddie McCoy scores Pablo Cardona to third Mike Ball to second
|
Batting: SHB Josh Schultze
|
0-0: Ground out 4-3 (Groundball, 4, EV 103.1 MPH) Pablo Cardona scores Mike Ball to third
|
Batting: RHB Nick Cummings
|
0-0: Called Strike 0-1: Hit by Pitch
|
Batting: LHB Gabe Harvey
|
0-0: Foul Ball, location: 2F 0-1: SINGLE (Groundball, 4MD, EV 100.0 MPH) Mike Ball scores Nick Cummings to second Runner from 2nd tries for 3rd, OUT! 8-5
|
Top of the 7th over - 3 runs, 3 hits, 0 errors, 1 left on base; Albuquerque 3 - Louisville 5 |
BOTTOM OF THE 7TH |
Louisville Bats batting - Pitching for Albuquerque Isotopes : RHP Justin Judson
|
Pitching: RHP Ronnie DeVries
|
|
Batting: RHB Chase Briney
|
0-0: Called Strike 0-1: Ground out 5-3 (Groundball, 56, EV 101.9 MPH)
|
Batting: RHB Juan Reyes
|
0-0: Ball 1-0: Foul Ball, location: 2F 1-1: Swinging Strike 1-2: Foul Ball, location: 2F 1-2: Ball 2-2: Fly out, F3 (Line Drive, 3L, EV 72.5 MPH)
|
Batting: RHB Won-jun Park
|
0-0: Fly out, F7 (Flyball, 7, EV 86.2 MPH)
|
Bottom of the 7th over - 0 runs, 0 hits, 0 errors, 0 left on base; Albuquerque 3 - Louisville 5 |
TOP OF THE 8TH |
Albuquerque Isotopes batting - Pitching for Louisville Bats : RHP Omar Vinson
|
Batting: SHB Jamel Wright
|
0-0: Ground out U3 (Groundball, 3L, EV 85.0 MPH)
|
Batting: LHB Alfredo de la Cruz
|
0-0: Ball 1-0: Ball 2-0: Fly out, F9 (Flyball, 9LD, EV 90.6 MPH)
|
Batting: RHB Eddie McCoy
|
0-0: Ball 1-0: Ball 2-0: Ball 3-0: Base on Balls
|
Batting: LHB Pablo Cardona
|
0-0: Ball 1-0: Ball 2-0: Ball 3-0: Called Strike 3-1: Foul Ball, location: 2F 3-2: Foul Ball, location: 2F 3-2: Foul Ball, location: 2F 3-2: Base on Balls Eddie McCoy to second
|
Pitching: LHP Logan Moultry
|
|
Batting: RHB Mike Ball
|
0-0: Ball 1-0: Called Strike 1-1: Ball 2-1: Foul Ball, location: 2F 2-2: Strikes out swinging
|
Top of the 8th over - 0 runs, 0 hits, 0 errors, 2 left on base; Albuquerque 3 - Louisville 5 |
BOTTOM OF THE 8TH |
Louisville Bats batting - Pitching for Albuquerque Isotopes : RHP Ronnie DeVries
|
Batting: RHB Colin Lord
|
0-0: Called Strike 0-1: Ball 1-1: Called Strike 1-2: Strikes out looking
|
Batting: RHB Eric Sullivan
|
0-0: Ball 1-0: DOUBLE (Line Drive, 9LS, EV 88.1 MPH)
|
Batting: RHB Ryan Short
|
0-0: Called Strike Eric Sullivan steals 3rd base 0-1: Foul Ball, location: 2F 0-2: Ball 1-2: Fly out, F9 (Flyball, 9LS, EV 78.8 MPH)
|
Batting: RHB Dave Ruiz
|
0-0: Called Strike 0-1: Ball 1-1: Swinging Strike 1-2: Ball 2-2: Foul Ball, location: 2F 2-2: Strikes out swinging
|
Bottom of the 8th over - 0 runs, 1 hit, 0 errors, 1 left on base; Albuquerque 3 - Louisville 5 |
TOP OF THE 9TH |
Albuquerque Isotopes batting - Pitching for Louisville Bats : LHP Logan Moultry
|
Pitching: RHP Tim Beck
|
|
Batting: RHB Bobby Heagle
|
0-0: Called Strike 0-1: SINGLE (Groundball, 4M, EV 102.5 MPH) (infield hit)
|
Batting: SHB Josh Schultze
|
0-0: Grounds out, U3 (Groundball, 3L, EV 90.0 MPH)
|
Batting: RHB Nick Cummings
|
0-0: Called Strike 0-1: Called Strike 0-2: Ground out 1-3 (Groundball, 13S, EV 60.6 MPH) Bobby Heagle to third
|
Batting: LHB Gabe Harvey
|
0-0: Foul Ball, location: 2F 0-1: Called Strike 0-2: Foul Ball, location: 2F 0-2: Ball 1-2: Strikes out swinging
|
Top of the 9th over - 0 runs, 1 hit, 0 errors, 1 left on base; Albuquerque 3 - Louisville 5 |
|